[Event "Gibraltar ChallWk1 13th"]
[Site "Gibraltar"]
[Date "2015.01.26"]
[Round "1.1"]
[White "Menna Barreto, Felipe Kubiaki"]
[Black "Bryn, Askild"]
[Result "1-0"]
[ECO "C41"]
[WhiteElo "2247"]
[BlackElo "2074"]
[PlyCount "49"]
[EventDate "2015.01.26"]
[EventType "swiss"]
[EventRounds "5"]
[EventCountry "GGB"]
[SourceTitle "BritBase"]
[Source "www.saund.co.uk"]
[SourceDate "2018.02.10"]
[SourceVersion "1"]
[SourceVersionDate "2018.02.10"]
[SourceQuality "1"]
[TimeControl "7200+1380"]
[WhiteClock "1:01:20"]
[BlackClock "0:20:25"]

1. d4 d6 2. e4 Nd7 3. Nf3 e5 4. Bc4 Ngf6 5. dxe5 Nxe5 6. Nxe5 dxe5 7. Bxf7+
Kxf7 8. Qxd8 Bb4+ 9. Qd2 Bxd2+ 10. Nxd2 b6 11. b3 Bb7 12. f3 Ba6 13. Bb2 Rae8
14. a4 g5 15. b4 Nd7 16. b5 Bb7 17. Nc4 Ke6 18. O-O-O Rhg8 19. Rd2 Re7 20. Rhd1
g4 21. Nd6 Nc5 22. Nxb7 Nxb7 23. Rd5 Kf6 24. f4 Rge8 25. Rxe5 1-0

[Event "Gibraltar ChallWk1 13th"]
[Site "Gibraltar"]
[Date "2015.01.26"]
[Round "1.2"]
[White "Jameson, David"]
[Black "Sanchez Botella, Luis Javier"]
[Result "0-1"]
[ECO "E19"]
[WhiteElo "2068"]
[BlackElo "2246"]
[PlyCount "98"]
[EventDate "2015.01.26"]
[EventType "swiss"]
[EventRounds "5"]
[EventCountry "GGB"]
[SourceTitle "BritBase"]
[Source "www.saund.co.uk"]
[SourceDate "2018.02.10"]
[SourceVersion "1"]
[SourceVersionDate "2018.02.10"]
[SourceQuality "1"]
[TimeControl "7200+1465"]
[WhiteClock "0:00:12"]
[BlackClock "0:01:10"]

1. d4 Nf6 2. c4 e6 3. Nf3 b6 4. g3 Bb7 5. Bg2 Be7 6. Nc3 O-O 7. O-O Ne4 8. Qc2
Nxc3 9. Qxc3 Bf6 10. e3 a5 11. b3 Be4 12. Bb2 d6 13. a3 Nd7 14. Qd2 Qb8 15. Ne1
Bxg2 16. Kxg2 b5 17. Nd3 c5 18. Rab1 Rc8 19. dxc5 Bxb2 20. Rxb2 Nxc5 21. Nxc5
Rxc5 22. Rd1 Ra6 23. Kg1 h5 24. Qe2 bxc4 25. bxc4 Qc7 26. Rb5 Rxc4 27. Qxh5 g6
28. Qe2 Rac6 29. Qb2 Qd8 30. Rb8 Rc8 31. Rxc8 Rxc8 32. Qd4 d5 33. h4 Qe7 34.
Qd3 Qf6 35. Kg2 Rc3 36. Qa6 Rxa3 37. Rd4 Qe7 38. Qb5 Ra1 39. Rf4 e5 40. Rg4 Qe6
41. Rg5 Kh7 42. Qb2 Rd1 43. Qc2 Re1 44. Qd2 Rb1 45. Qa2 Rb5 46. Qe2 Rb4 47. h5
Qf6 48. hxg6+ fxg6 49. f4 exf4 0-1

[Event "Gibraltar ChallWk1 13th"]
[Site "Gibraltar"]
[Date "2015.01.26"]
[Round "1.3"]
[White "Longa Yauca, Javier"]
[Black "Fiori, Hector"]
[Result "1-0"]
[ECO "A70"]
[WhiteElo "2245"]
[BlackElo "2066"]
[PlyCount "87"]
[EventDate "2015.01.26"]
[EventType "swiss"]
[EventRounds "5"]
[EventCountry "GGB"]
[SourceTitle "BritBase"]
[Source "www.saund.co.uk"]
[SourceDate "2018.02.10"]
[SourceVersion "1"]
[SourceVersionDate "2018.02.10"]
[SourceQuality "1"]
[TimeControl "7200+2085"]
[WhiteClock "0:01:06"]
[BlackClock "0:00:39"]

1. d4 Nf6 2. Nf3 e6 3. c4 c5 4. d5 exd5 5. cxd5 d6 6. Nc3 g6 7. e4 Bg7 8. Bb5+
Bd7 9. Qb3 O-O 10. O-O Re8 11. Nd2 Na6 12. a3 Bxb5 13. Qxb5 Rb8 14. Qc4 Nc7 15.
a4 a6 16. a5 b5 17. axb6 Rxb6 18. Re1 Rb4 19. Qf1 Qe7 20. Rd1 Rd4 21. h3 Rb8
22. Re1 Re8 23. Nb3 Rxd5 24. Nxd5 Nfxd5 25. Bd2 Nb4 26. Qc4 Nc6 27. Qa4 Ne5 28.
Nc1 Rb8 29. Ra2 Ne6 30. Be3 Qh4 31. Qxa6 Qxe4 32. Qxd6 Rd8 33. Qa6 Nd4 34. Qa5
Rc8 35. Bxd4 Qxd4 36. Qc3 Qd5 37. Ra4 c4 38. Qc2 Re8 39. Rd1 Qb5 40. Ne2 Rb8
41. f4 Nd3 42. Qxc4 Qxc4 43. Rxc4 Rxb2 44. Rxd3 1-0

[Event "Gibraltar ChallWk1 13th"]
[Site "Gibraltar"]
[Date "2015.01.26"]
[Round "1.4"]
[White "Gieritz, Dietmar"]
[Black "O'Toole, George E"]
[Result "0-1"]
[ECO "E67"]
[WhiteElo "2048"]
[BlackElo "2242"]
[PlyCount "50"]
[EventDate "2015.01.26"]
[EventType "swiss"]
[EventRounds "5"]
[EventCountry "GGB"]
[SourceTitle "BritBase"]
[Source "www.saund.co.uk"]
[SourceDate "2018.02.10"]
[SourceVersion "1"]
[SourceVersionDate "2018.02.10"]
[SourceQuality "1"]
[TimeControl "7200+1955"]
[WhiteClock "0:55:20"]
[BlackClock "0:23:03"]

1. Nf3 d6 2. d4 g6 3. g3 Bg7 4. Bg2 Nf6 5. O-O O-O 6. c4 Nbd7 7. Nc3 e5 8. h3
c6 9. Re1 exd4 10. Nxd4 Nb6 11. b3 d5 12. cxd5 Nfxd5 13. Ne4 f5 14. Bg5 Ne7 15.
Nc5 Bxd4 16. Bxe7 Bxf2+ 17. Kxf2 Qxe7 18. Qd4 f4 19. Rad1 fxg3+ 20. Kxg3 Bf5
21. e4 Rad8 22. Qe3 Qe5+ 23. Kh4 Rxd1 24. Rxd1 Bxe4 25. Nd3 g5+ 0-1

[Event "Gibraltar ChallWk1 13th"]
[Site "Gibraltar"]
[Date "2015.01.26"]
[Round "1.5"]
[White "Vea, Odin Blikra"]
[Black "Byrn, Carsten"]
[Result "1-0"]
[ECO "B66"]
[WhiteElo "2242"]
[BlackElo "2044"]
[PlyCount "187"]
[EventDate "2015.01.26"]
[EventType "swiss"]
[EventRounds "5"]
[EventCountry "GGB"]
[SourceTitle "BritBase"]
[Source "www.saund.co.uk"]
[SourceDate "2018.02.10"]
[SourceVersion "1"]
[SourceVersionDate "2018.02.10"]
[SourceQuality "1"]
[TimeControl "7200+630"]
[WhiteClock "0:02:05"]
[BlackClock "0:03:04"]

1. e4 c5 2. Nf3 Nc6 3. d4 cxd4 4. Nxd4 Nf6 5. Nc3 d6 6. Bg5 e6 7. Qd2 a6 8.
O-O-O Bd7 9. f3 h6 10. Be3 b5 11. g4 Ne5 12. Kb1 Qc7 13. Bd3 Rb8 14. h4 g6 15.
g5 hxg5 16. hxg5 Nh5 17. Qf2 Nc4 18. Bxc4 bxc4 19. f4 Bg7 20. f5 Be5 21. Rdf1
O-O 22. f6 Qa5 23. Qd2 Qb4 24. b3 a5 25. Nce2 cxb3 26. cxb3 Qxd2 27. Bxd2 Bxd4
28. Nxd4 e5 29. Ne2 a4 30. Rc1 axb3 31. a3 Bb5 32. Nc3 Bd3+ 33. Kb2 Rfc8 34.
Rh3 Bc2 35. Nd5 Rc4 36. Bb4 Rxe4 37. Ne7+ Kh8 38. Rch1 Re2 39. R3h2 Rxh2 40.
Rxh2 Rd8 41. Rd2 Nf4 42. Rh2+ Nh5 43. Nc6 Rc8 44. Ne7 Rd8 45. a4 d5 46. a5 d4
47. Nc6 Re8 48. Bd6 Be4 49. Nxe5 Kg8 50. Ng4 Bd5 51. Rd2 Re4 52. Nf2 Re3 53.
Nd3 Ng3 54. Nf4 Bc4 55. Rxd4 Re4 56. Rd2 Nf5 57. Bc7 Nd4 58. Bb6 Rxf4 59. Bxd4
Rf5 60. Bc3 Rxg5 61. Rd8+ Kh7 62. Rd4 Be6 63. a6 Rg2+ 64. Bd2 Bc8 65. a7 Bb7
66. Rd7 Be4 67. Rxf7+ Kg8 68. Rd7 Rf2 69. Rd4 Bh1 70. Kxb3 Rxf6 71. Bc3 Rf7 72.
Rh4 Bd5+ 73. Kb4 Rh7 74. Rd4 Rb7+ 75. Kc5 Rxa7 76. Rxd5 Kf7 77. Rd6 Rc7+ 78.
Kd4 g5 79. Kd3 Ke7 80. Rg6 Rd7+ 81. Ke4 Rd1 82. Rxg5 Rc1 83. Bd4 Re1+ 84. Kd5
Rf1 85. Rg7+ Rf7 86. Rg1 Rf5+ 87. Be5 Rh5 88. Rb1 Kf7 89. Rb7+ Kg6 90. Ke6 Rh7
91. Rb1 Ra7 92. Rg1+ Kh5 93. Kf5 Rf7+ 94. Bf6 1-0

[Event "Gibraltar ChallWk1 13th"]
[Site "Gibraltar"]
[Date "2015.01.26"]
[Round "1.6"]
[White "Ungureanu, Sandu"]
[Black "Galmandakh, Badrakh"]
[Result "0-1"]
[ECO "A41"]
[WhiteElo "2040"]
[BlackElo "2240"]
[PlyCount "108"]
[EventDate "2015.01.26"]
[EventType "swiss"]
[EventRounds "5"]
[EventCountry "GGB"]
[SourceTitle "BritBase"]
[Source "www.saund.co.uk"]
[SourceDate "2018.02.10"]
[SourceVersion "1"]
[SourceVersionDate "2018.02.10"]
[SourceQuality "1"]
[TimeControl "7200+12785"]
[WhiteClock "0:44:46"]
[BlackClock "0:37:26"]

1. d4 d6 2. c4 e5 3. dxe5 dxe5 4. Qxd8+ Kxd8 5. Nc3 Be6 6. e4 Nd7 7. Be3 Bb4 8.
Rc1 c6 9. a3 Bc5 10. Bxc5 Nxc5 11. b4 Nd7 12. Nf3 f6 13. Be2 a5 14. Kd2 Nh6 15.
Kc2 Ke7 16. Nd2 Nf7 17. Nb3 axb4 18. axb4 Nd6 19. c5 Nxe4 20. Nxe4 Ra2+ 21. Kc3
Rxe2 22. Nbd2 f5 23. Kd3 Rxe4 24. Nxe4 fxe4+ 25. Kxe4 Rf8 26. Ke3 Nf6 27. f3
Nd5+ 28. Kd2 Nxb4 29. Rb1 Rd8+ 30. Ke3 Nd5+ 31. Kf2 Rd7 32. Rhd1 Rc7 33. Rb2
Kf6 34. g3 g5 35. Ra1 g4 36. Ra7 gxf3 37. Kxf3 Bc8 38. Ra8 h5 39. Rb8 Kf5 40.
Rf2 e4+ 41. Kg2+ Ke5 42. h3 Kd4 43. Rf8 Be6 44. Rh8 Rf7 45. Rbf8 Rxf8 46. Rxf8
Kxc5 47. Rh8 b5 48. Rxh5 b4 49. Re5 b3 50. Rxe4 b2 51. Re1 Bf5 52. g4 b1=Q 53.
Rxb1 Bxb1 54. h4 Kd4 0-1

[Event "Gibraltar ChallWk1 13th"]
[Site "Gibraltar"]
[Date "2015.01.26"]
[Round "1.7"]
[White "Ibarra Jerez, Juan Miguel"]
[Black "Schouten, Freek"]
[Result "0-1"]
[ECO "C41"]
[WhiteElo "2238"]
[BlackElo "2039"]
[PlyCount "152"]
[EventDate "2015.01.26"]
[EventType "swiss"]
[EventRounds "5"]
[EventCountry "GGB"]
[SourceTitle "BritBase"]
[Source "www.saund.co.uk"]
[SourceDate "2018.02.10"]
[SourceVersion "1"]
[SourceVersionDate "2018.02.10"]
[SourceQuality "1"]
[TimeControl "7200+3695"]
[WhiteClock "0:01:12"]
[BlackClock "0:02:22"]

1. e4 d6 2. d4 Nf6 3. Nc3 Nbd7 4. Nf3 e5 5. g3 Be7 6. Bg2 c6 7. a4 Qc7 8. O-O
O-O 9. a5 Re8 10. h3 Nf8 11. Be3 Ng6 12. Re1 h6 13. Kh2 Be6 14. d5 Bd7 15. dxc6
bxc6 16. Qd3 Be6 17. Nd2 Rab8 18. Na4 d5 19. Bc5 Qxa5 20. Bxe7 Rxe7 21. c3 Qb5
22. Qe3 Rd8 23. Bf1 d4 24. cxd4 exd4 25. Qa3 Qb8 26. Rac1 Nd7 27. f4 Rde8 28.
Red1 Nb6 29. Nxb6 axb6 30. Rxc6 Bd7 31. Rd6 b5 32. Rxd4 Bc6 33. Bg2 Nf8 34. f5
Nd7 35. Rc1 Ne5 36. Qc5 Ba8 37. Rd6 Nd7 38. Qc7 Nf6 39. Qxb8 Rxb8 40. Rd4 Rbe8
41. Rc5 Bxe4 42. Nxe4 Nxe4 43. Rxb5 Nf6 44. Rd2 Re5 45. Rxe5 Rxe5 46. g4 Rb5
47. Kg3 g5 48. fxg6 fxg6 49. h4 Rb3+ 50. Bf3 Ne4+ 51. Kf4 Nxd2 52. Bd5+ Kg7 53.
Bxb3 Nxb3 54. Ke5 Kf7 55. Kd5 Kf6 56. Kc4 Nd2+ 57. Kd3 Nf3 58. h5 Ne5+ 59. Kd4
Nxg4 60. hxg6 Kxg6 61. b4 Nf6 62. b5 Nd7 63. Kd5 Nb6+ 64. Kc6 Na4 65. Kd5 Kf5
66. Kd4 Kf4 67. Kd3 Kf3 68. Kc4 h5 69. Kb4 h4 70. Kxa4 h3 71. Ka5 h2 72. b6
h1=Q 73. Ka6 Qa1+ 74. Kb7 Ke4 75. Kb8 Kd5 76. b7 Kc6 0-1

[Event "Gibraltar ChallWk1 13th"]
[Site "Gibraltar"]
[Date "2015.01.26"]
[Round "1.8"]
[White "Gostelow, David W"]
[Black "Scharrer, Patrick"]
[Result "0-1"]
[ECO "A41"]
[WhiteElo "2036"]
[BlackElo "2231"]
[PlyCount "82"]
[EventDate "2015.01.26"]
[EventType "swiss"]
[EventRounds "5"]
[EventCountry "GGB"]
[SourceTitle "BritBase"]
[Source "www.saund.co.uk"]
[SourceDate "2018.02.10"]
[SourceVersion "1"]
[SourceVersionDate "2018.02.10"]
[SourceQuality "1"]
[TimeControl "7200+1605"]
[WhiteClock "0:01:52"]
[BlackClock "0:02:52"]

1. d4 g6 2. Nf3 Bg7 3. Bf4 d6 4. e3 Nd7 5. Be2 e5 6. Bg3 Qe7 7. O-O Nh6 8. Nc3
Nf5 9. e4 Nxg3 10. hxg3 exd4 11. Nd5 Qd8 12. Nxd4 O-O 13. c3 c6 14. Ne3 Re8 15.
Nc4 Nf6 16. f3 d5 17. exd5 Qxd5 18. Qd3 Nh5 19. Kf2 Qg5 20. f4 Bxd4+ 21. cxd4
Qxg3+ 22. Qxg3 Nxg3 23. Kxg3 Rxe2 24. Rfe1 Rxe1 25. Rxe1 Be6 26. b3 Rd8 27. Na5
Rxd4 28. Nxb7 Rd2 29. Nc5 Bd5 30. Ne4 Rxa2 31. Nf6+ Kg7 32. Nxd5 cxd5 33. Rd1
Rb2 34. Rxd5 Rxb3+ 35. Kg4 Ra3 36. Kh4 a5 37. g4 h6 38. g5 a4 39. Rd7 h5 40. f5
gxf5 41. Kxh5 Rh3# 0-1

[Event "Gibraltar ChallWk1 13th"]
[Site "Gibraltar"]
[Date "2015.01.26"]
[Round "1.9"]
[White "Urbina Perez, Juan Antonio"]
[Black "Alarcon Olmos, Daniel"]
[Result "1-0"]
[ECO "B75"]
[WhiteElo "2221"]
[BlackElo "2031"]
[PlyCount "37"]
[EventDate "2015.01.26"]
[EventType "swiss"]
[EventRounds "5"]
[EventCountry "GGB"]
[SourceTitle "BritBase"]
[Source "www.saund.co.uk"]
[SourceDate "2018.02.10"]
[SourceVersion "1"]
[SourceVersionDate "2018.02.10"]
[SourceQuality "1"]
[TimeControl "7200+1370"]
[WhiteClock "1:25:39"]
[BlackClock "0:18:40"]

1. e4 c5 2. Nf3 d6 3. d4 cxd4 4. Nxd4 Nf6 5. Nc3 g6 6. Be3 Bg7 7. f3 a6 8. Qd2
h5 9. Bc4 b5 10. Bd5 Nxd5 11. Nxd5 Bb7 12. O-O-O O-O 13. Bh6 Bxh6 14. Qxh6 Nc6
15. g4 hxg4 16. Nf5 gxf5 17. Qg5+ Kh8 18. h3 g3 19. Qh4+ 1-0

[Event "Gibraltar ChallWk1 13th"]
[Site "Gibraltar"]
[Date "2015.01.26"]
[Round "1.10"]
[White "Suez-Panama, Gilles"]
[Black "Perez Garcia, Alejandro"]
[Result "0-1"]
[ECO "D11"]
[WhiteElo "2030"]
[BlackElo "2207"]
[PlyCount "96"]
[EventDate "2015.01.26"]
[EventType "swiss"]
[EventRounds "5"]
[EventCountry "GGB"]
[SourceTitle "BritBase"]
[Source "www.saund.co.uk"]
[SourceDate "2018.02.10"]
[SourceVersion "1"]
[SourceVersionDate "2018.02.10"]
[SourceQuality "1"]
[TimeControl "7200+1910"]
[WhiteClock "0:03:22"]
[BlackClock "0:01:10"]

1. d4 d5 2. Nf3 Nf6 3. c4 c6 4. g3 Bf5 5. Bg2 e6 6. Qb3 Qb6 7. O-O Nbd7 8. Nbd2
h6 9. Re1 Be7 10. c5 Qc7 11. Nh4 Bh7 12. e4 dxe4 13. Nxe4 Nxe4 14. Bxe4 Bxe4
15. Rxe4 Bxh4 16. Rxh4 O-O-O 17. Bf4 e5 18. dxe5 Nxc5 19. Qa3 Ne6 20. Be3 a6
21. Rc1 Rd5 22. Rhc4 Rhd8 23. f4 Rd1+ 24. Kf2 R8d3 25. Qa4 Rxc1 26. Rxc1 Qd7
27. Qc4 Nc7 28. a4 Qd5 29. b4 Qxc4 30. Rxc4 Nd5 31. Bc5 Rd2+ 32. Kf3 Rxh2 33.
f5 Rh5 34. g4 Rh3+ 35. Kg2 Ra3 36. e6 fxe6 37. fxe6 Ne3+ 38. Bxe3 Rxe3 39. Rf4
Rxe6 40. Rf7 g5 41. Kf3 Re1 42. Rh7 Rf1+ 43. Ke4 Rf4+ 44. Ke5 Rxg4 45. a5 Rxb4
46. Rh8+ Kc7 47. Rh7+ Kb8 48. Rh8+ Ka7 0-1

[Event "Gibraltar ChallWk1 13th"]
[Site "Gibraltar"]
[Date "2015.01.26"]
[Round "1.11"]
[White "Janev, Pavel"]
[Black "Nwoye, Nnamdi"]
[Result "1-0"]
[ECO "B30"]
[WhiteElo "2196"]
[BlackElo "2015"]
[PlyCount "59"]
[EventDate "2015.01.26"]
[EventType "swiss"]
[EventRounds "5"]
[EventCountry "GGB"]
[SourceTitle "BritBase"]
[Source "www.saund.co.uk"]
[SourceDate "2018.02.10"]
[SourceVersion "1"]
[SourceVersionDate "2018.02.10"]
[SourceQuality "1"]
[TimeControl "6600+1210"]
[WhiteClock "0:35:13"]
[BlackClock "0:18:30"]

1. e4 c5 2. Nf3 Nc6 3. Nc3 g6 4. Bb5 Na5 5. d4 a6 6. Be2 cxd4 7. Qxd4 Nf6 8. e5
Nc6 9. Qh4 Ng8 10. Be3 Bg7 11. O-O b5 12. Rfe1 h5 13. a4 b4 14. Nd5 Rb8 15. Bc5
Qa5 16. Qc4 Nh6 17. c3 bxc3 18. b4 Qd8 19. b5 Na5 20. Qxc3 d6 21. Bb6 Rxb6 22.
Nxb6 Qxb6 23. Qxc8+ Qd8 24. Qxd8+ Kxd8 25. bxa6 Nb3 26. Rab1 Nc5 27. Rb8+ Kc7
28. Rxh8 Bxh8 29. Rb1 dxe5 30. a7 1-0

[Event "Gibraltar ChallWk1 13th"]
[Site "Gibraltar"]
[Date "2015.01.26"]
[Round "1.12"]
[White "Hamer, Martyn"]
[Black "Dolzhikova, Olga"]
[Result "1-0"]
[ECO "C25"]
[WhiteElo "2014"]
[BlackElo "2194"]
[PlyCount "82"]
[EventDate "2015.01.26"]
[EventType "swiss"]
[EventRounds "5"]
[EventCountry "GGB"]
[SourceTitle "BritBase"]
[Source "www.saund.co.uk"]
[SourceDate "2018.02.10"]
[SourceVersion "1"]
[SourceVersionDate "2018.02.10"]
[SourceQuality "1"]
[TimeControl "7200+915"]
[WhiteClock "0:04:31"]
[BlackClock "0:00:17"]

1. e4 e5 2. Nc3 g6 3. Bc4 Bg7 4. d3 Ne7 5. f4 d6 6. Nf3 O-O 7. O-O Nbc6 8. a3
h6 9. fxe5 dxe5 10. Be3 Kh7 11. Nh4 f6 12. Qd2 Nd4 13. Ne2 Nec6 14. Nf3 Bg4 15.
Nexd4 exd4 16. Bf4 Ne5 17. Nxe5 fxe5 18. Bg3 Qe7 19. h3 Bd7 20. Kh2 b6 21. Qe2
Bf6 22. Rf2 h5 23. Raf1 Qd6 24. Qd2 Bg7 25. Rf7 Be6 26. Bxe6 Qxe6 27. Rxf8 Rxf8
28. Rxf8 Bxf8 29. Qg5 Bg7 30. Qd8 Qf7 31. Qd5 Qf6 32. h4 Qe7 33. c4 dxc3 34.
bxc3 Qxa3 35. d4 Qe7 36. dxe5 a5 37. e6 Bxc3 38. Qd7 Bf6 39. Bxc7 a4 40. e5
Bxh4 41. Bd6 Qg7 1-0

[Event "Gibraltar ChallWk1 13th"]
[Site "Gibraltar"]
[Date "2015.01.26"]
[Round "1.13"]
[White "Balogun, Oluwafemi"]
[Black "Nilsen, Martin"]
[Result "0-1"]
[ECO "C00"]
[WhiteElo "2193"]
[BlackElo "2011"]
[PlyCount "96"]
[EventDate "2015.01.26"]
[EventType "swiss"]
[EventRounds "5"]
[EventCountry "GGB"]
[SourceTitle "BritBase"]
[Source "www.saund.co.uk"]
[SourceDate "2018.02.10"]
[SourceVersion "1"]
[SourceVersionDate "2018.02.10"]
[SourceQuality "1"]
[TimeControl "7200+865"]
[WhiteClock "0:00:23"]
[BlackClock "0:01:03"]

1. e4 e6 2. d3 d5 3. Nd2 Nf6 4. Ngf3 Be7 5. g3 O-O 6. Bg2 a5 7. O-O c5 8. Re1
Nc6 9. e5 Nd7 10. h4 f6 11. exf6 Bxf6 12. Nf1 Nde5 13. Nxe5 Nxe5 14. f4 Nc6 15.
Ne3 Qd6 16. a4 b6 17. c3 Kh8 18. Qe2 Ba6 19. Ng4 Rae8 20. Ne5 Bxe5 21. fxe5 Qc7
22. Bf4 Qf7 23. Rad1 Ne7 24. Rf1 Ng6 25. h5 Nxf4 26. Rxf4 Qd7 27. Rdf1 Kg8 28.
h6 Rxf4 29. Rxf4 Rf8 30. Qg4 Rxf4 31. gxf4 Bxd3 32. Bxd5 Bf5 33. Qxf5 Qxd5 34.
Qg4 g6 35. Qe2 Kf7 36. Kh2 Ke7 37. Kg1 Kf7 38. Qg2 Qxg2+ 39. Kxg2 g5 40. Kf3
Kg6 41. fxg5 Kxg5 42. Ke4 Kxh6 43. Kf4 Kg6 44. Kg4 h5+ 45. Kh4 Kh6 46. Kg3 Kg5
47. Kh3 Kf5 48. Kh4 Kxe5 0-1

[Event "Gibraltar ChallWk1 13th"]
[Site "Gibraltar"]
[Date "2015.01.26"]
[Round "1.14"]
[White "Isherwood, Paul"]
[Black "Byron, Alan M"]
[Result "1/2-1/2"]
[ECO "A46"]
[WhiteElo "2002"]
[BlackElo "2188"]
[PlyCount "49"]
[EventDate "2015.01.26"]
[EventType "swiss"]
[EventRounds "5"]
[EventCountry "GGB"]
[SourceTitle "BritBase"]
[Source "www.saund.co.uk"]
[SourceDate "2018.02.10"]
[SourceVersion "1"]
[SourceVersionDate "2018.02.10"]
[SourceQuality "1"]
[TimeControl "7200+810"]
[WhiteClock "0:52:09"]
[BlackClock "0:38:16"]

1. Nf3 d6 2. d4 Nf6 3. Nbd2 c5 4. c3 g6 5. dxc5 dxc5 6. e4 Bg7 7. Bb5+ Bd7 8.
Qe2 b6 9. a4 O-O 10. O-O Qc8 11. a5 Bxb5 12. Qxb5 Qc6 13. Qe2 b5 14. Re1 Ne8
15. e5 Nc7 16. Ne4 Ne6 17. Neg5 Nd7 18. Nxe6 fxe6 19. Bg5 Rf7 20. Bh4 h6 21.
Bg3 Nf8 22. h4 Rf5 23. b4 a6 24. Rad1 Rf7 25. Qe4 1/2-1/2

[Event "Gibraltar ChallWk1 13th"]
[Site "Gibraltar"]
[Date "2015.01.26"]
[Round "1.15"]
[White "Pena Riasco, Alexander"]
[Black "Nieto Asencio, Maria Del Carme"]
[Result "0-1"]
[ECO "B34"]
[WhiteElo "2181"]
[BlackElo "1985"]
[PlyCount "104"]
[EventDate "2015.01.26"]
[EventType "swiss"]
[EventRounds "5"]
[EventCountry "GGB"]
[SourceTitle "BritBase"]
[Source "www.saund.co.uk"]
[SourceDate "2018.02.10"]
[SourceVersion "1"]
[SourceVersionDate "2018.02.10"]
[SourceQuality "1"]
[TimeControl "7200+1490"]
[WhiteClock "0:02:15"]
[BlackClock "0:03:10"]

1. e4 c5 2. Nf3 Nc6 3. d4 cxd4 4. Nxd4 g6 5. Nc3 Bg7 6. Be3 Nf6 7. Nb3 d6 8. f3
Be6 9. Qd2 d5 10. exd5 Nxd5 11. Nxd5 Qxd5 12. Qxd5 Bxd5 13. O-O-O O-O-O 14. Bb5
Kc7 15. c3 a6 16. Be2 Bxb3 17. axb3 Rxd1+ 18. Kxd1 Rd8+ 19. Kc2 e6 20. b4 Ne7
21. g4 Nd5 22. Bg5 Rd7 23. b5 a5 24. Ra1 b6 25. Ra4 Be5 26. h3 Kb8 27. Bd2 Bd6
28. f4 Bc5 29. Re4 Nf6 30. Ra4 Nd5 31. Re4 Nf6 32. Rc4 Nd5 33. Bf3 Ne3+ 34.
Bxe3 Bxe3 35. Bc6 Rd2+ 36. Kb1 Rf2 37. Re4 Bxf4 38. Rd4 Be3 39. Rd3 Bc5 40.
Rd8+ Kc7 41. Rh8 Kd6 42. Rxh7 Ke7 43. Be4 Kf8 44. Rh8+ Kg7 45. Rc8 Be3 46. Rc4
Rh2 47. b4 axb4 48. Rxb4 Rxh3 49. Kc2 Rg3 50. Bd3 Rf3 51. Be2 Rf4 52. Rxf4 Bxf4
0-1

[Event "Gibraltar ChallWk1 13th"]
[Site "Gibraltar"]
[Date "2015.01.26"]
[Round "1.16"]
[White "Ferreira, Oscar Luiz Vieira"]
[Black "Agrest, Inna"]
[Result "0-1"]
[ECO "C47"]
[WhiteElo "1980"]
[BlackElo "2179"]
[PlyCount "58"]
[EventDate "2015.01.26"]
[EventType "swiss"]
[EventRounds "5"]
[EventCountry "GGB"]
[SourceTitle "BritBase"]
[Source "www.saund.co.uk"]
[SourceDate "2018.02.10"]
[SourceVersion "1"]
[SourceVersionDate "2018.02.10"]
[SourceQuality "1"]
[TimeControl "7200+1320"]
[WhiteClock "0:41:09"]
[BlackClock "0:24:03"]

1. e4 e5 2. Nf3 Nc6 3. Nc3 Nf6 4. d4 exd4 5. Nxd4 Bb4 6. Nxc6 bxc6 7. Bd3 O-O
8. O-O d5 9. exd5 cxd5 10. Bg5 c6 11. Na4 Bd6 12. Re1 Rb8 13. c3 h6 14. Bh4 c5
15. Bc2 Bd7 16. b3 g5 17. Bg3 Bxg3 18. hxg3 Bxa4 19. bxa4 Re8 20. Rb1 Qd6 21.
Qd2 Rxb1 22. Bxb1 Re5 23. Bd3 c4 24. Rxe5 Qxe5 25. Bc2 a5 26. Kf1 Kg7 27. f4
gxf4 28. gxf4 Qh5 29. Bd1 Qh1+ 0-1

[Event "Gibraltar ChallWk1 13th"]
[Site "Gibraltar"]
[Date "2015.01.27"]
[Round "2.1"]
[White "Wiedersich, Jens"]
[Black "Menna Barreto, Felipe Kubiaki"]
[Result "0-1"]
[ECO "E67"]
[WhiteElo "2125"]
[BlackElo "2247"]
[PlyCount "92"]
[EventDate "2015.01.26"]
[EventType "swiss"]
[EventRounds "5"]
[EventCountry "GGB"]
[SourceTitle "BritBase"]
[Source "www.saund.co.uk"]
[SourceDate "2018.02.10"]
[SourceVersion "1"]
[SourceVersionDate "2018.02.10"]
[SourceQuality "1"]
[TimeControl "7200"]
[WhiteClock "1:50:17"]
[BlackClock "1:50:11"]

1. d4 Nf6 2. c4 g6 3. Nf3 Bg7 4. g3 O-O 5. Bg2 d6 6. O-O Nbd7 7. Nc3 e5 8. dxe5
dxe5 9. h3 c6 10. Be3 Qe7 11. Qc2 Nh5 12. Rad1 f5 13. Bc1 e4 14. Nd4 Nc5 15. b4
Ne6 16. Nxe6 Bxe6 17. c5 a5 18. a3 axb4 19. axb4 Qf7 20. Rd6 Be5 21. Qd2 Nf6
22. Bb2 Bxd6 23. cxd6 Rad8 24. b5 Bd5 25. Qd4 Rxd6 26. Ba3 Rdd8 27. Bxf8 Qxf8
28. bxc6 Bxc6 29. Qc4+ Qf7 30. Qc5 Qe6 31. Qb6 Qe7 32. e3 Nd5 33. Qb3 Qb4 34.
Qxb4 Nxb4 35. Rb1 Nd3 36. Bf1 Ra8 37. g4 Ra3 38. Nb5 Ra2 39. gxf5 gxf5 40. Nd6
Kg7 41. Nxf5+ Kf6 42. Nd4 Ne5 43. Kg2 Nf3 44. Nxc6 bxc6 45. Rc1 Ne5 46. Kg3 Rb2
0-1

[Event "Gibraltar ChallWk1 13th"]
[Site "Gibraltar"]
[Date "2015.01.27"]
[Round "2.2"]
[White "Sanchez Botella, Luis Javier"]
[Black "Grabow, Pouelsten Holm"]
[Result "1-0"]
[ECO "D19"]
[WhiteElo "2246"]
[BlackElo "2134"]
[PlyCount "75"]
[EventDate "2015.01.26"]
[EventType "swiss"]
[EventRounds "5"]
[EventCountry "GGB"]
[SourceTitle "BritBase"]
[Source "www.saund.co.uk"]
[SourceDate "2018.02.10"]
[SourceVersion "1"]
[SourceVersionDate "2018.02.10"]
[SourceQuality "1"]
[TimeControl "7200+1115"]
[WhiteClock "0:10:03"]
[BlackClock "0:22:03"]

1. d4 d5 2. c4 c6 3. Nf3 Nf6 4. Nc3 dxc4 5. a4 Bf5 6. e3 e6 7. Bxc4 Bb4 8. O-O
O-O 9. Qe2 Ne4 10. Nxe4 Bxe4 11. Rd1 Nd7 12. Bd2 Qa5 13. Be1 Rad8 14. Nd2 Bxd2
15. Bxd2 Qc7 16. b4 e5 17. Bc3 exd4 18. Rxd4 Bg6 19. Qb2 Nf6 20. Rxd8 Rxd8 21.
Bxf6 gxf6 22. Qxf6 Rd6 23. Qf4 Qd8 24. h4 b6 25. Be2 h5 26. Rc1 Kg7 27. Bf3 Qd7
28. Qe5+ f6 29. Qc3 Be8 30. a5 Qe6 31. Ra1 Qe5 32. Qc1 c5 33. axb6 axb6 34.
bxc5 bxc5 35. Ra5 Rb6 36. Rxc5 Qb8 37. Rc7+ Bf7 38. Qc4 1-0